Map: Dash and Terminal LE (Void)

Players

SticklerMac

  • Race: Terran Terran
  • League: Bronze

SHIFTy - Winner!

  • Race: Terran Terran
  • League: Bronze

VOD

Have the link to the VOD?

Description

Time

  • Played on: Aug. 4, 2015, 1 a.m.
  • Length: 9:16
Show
View Real Time Build Order
Export as new Build Order

SticklerMac Terran 

Build Orders:  

Get SALT Encoding   

  12  0:01  SCV  
  13  0:13  SCV  
  14  0:21  Supply Depot  
  14  0:25  SCV  
  15  0:33  Supply Depot  
  15  0:45  Barracks  
  15  0:48  SCV  
  16  0:59  Supply Depot  
  16  1:00  SCV  
  17  1:08  Refinery  
  17  1:13  SCV  
  18  1:25  SCV  
  19  1:35  Barracks  
  19  1:38  Barracks  
  19  1:39  Marine  
  20  1:45  SCV  
  21  1:57  SCV, Marine  
  23  2:09  Factory  
  23  2:13  SCV  
  24  2:16  Marine  
  25  2:23  Barracks Tech Lab  
  25  2:28  Orbital Command  
  25  2:30  Marine  
  25  2:34  Marine  
  27  2:49  Supply Depot  
  27  3:00  SCV  
  27  3:03  Factory Tech Lab  
  28  3:07  Starport  
  28  3:12  Marine  
  29  3:14  Marine  
  29  3:16  Barracks Reactor  
  30  3:22  SCV  
  31  3:30  Refinery  
  31  3:33  Barracks  
  31  3:34  Marauder  
  31  3:35  Marine  
  34  3:48  Starport Reactor  
  34  3:53  Marine  
  34  3:54  Marine x2  
  37  3:56  Marauder  
  39  4:03  Supply Depot  
  39  4:05  Supply Depot  
  39  4:11  Marine  
  39  4:12  Marine x2  
  43  4:17  Marauder  
  45  4:27  Barracks Reactor  
  45  4:29  Marine  
  45  4:30  Marine x2  
  47  4:39  Medivac, Marauder  
  51  4:57  Marine  
  51  4:58  Command Center, Marine  
  53  5:00  Marauder, Marine  
  53  5:03  Medivac  
  53  5:06  Marine  
  59  5:17  Marine x2  
  59  5:18  Marine  
  62  5:23  Marine  
  63  5:32  Marauder, Marine  
  63  5:34  Supply Depot  
  66  5:40  Medivac  
  68  5:48  Medivac  
  70  6:02  Marine x2  
  70  6:03  Marine x2  
  74  6:10  Medivac  
  76  6:14  Marauder  
  76  6:18  Marine  
  79  6:21  Marine  
  79  6:24  Marine  
  81  6:37  Marine x2  
  81  6:39  Marine  
  84  6:42  Marine  
  84  6:46  Marauder  
  87  6:56  Marine  
  87  7:00  Marine  
  89  7:20  Marine x2  
  89  7:21  Marine x2  
  93  7:25  Marine  
  94  7:30  Marauder, Medivac  
  98  7:47  Marine x2  
  98  7:48  Marine x2  
  102  7:52  Medivac, Marauder  
Show
View Real Time Build Order
Export as new Build Order

SHIFTy Terran - Winner!

Build Orders:  

Get SALT Encoding   

  12  0:02  SCV  
  13  0:14  SCV  
  14  0:22  Supply Depot  
  14  0:26  SCV  
  15  0:43  SCV  
  15  0:46  Barracks  
  16  0:54  Refinery  
  16  0:55  SCV  
  17  1:08  SCV, Supply Depot  
  18  1:20  SCV  
  19  1:27  Refinery  
  20  1:39  Orbital Command  
  19  1:43  Marine  
  20  2:00  Marine  
  20  2:01  Factory  
  21  2:10  SCV  
  22  2:18  Marine  
  22  2:22  SCV  
  24  2:34  SCV  
  25  2:37  Command Center  
  25  2:45  Marine  
  25  2:46  SCV  
  25  2:51  Factory Tech Lab  
  27  2:57  Starport  
  27  2:58  SCV  
  27  3:03  Marine  
  29  3:23  Supply Depot  
  30  3:29  Supply Depot  
  30  3:34  Barracks Reactor  
  29  3:36  Medivac  
  31  3:43  Supply Depot  
  31  3:45  Siege Tank  
  34  3:53  Orbital Command  
  34  4:01  SCV  
  35  4:06  Medivac  
  37  4:12  Marine x2  
  39  4:27  Siege Tank  
  39  4:30  Marine x2  
  44  4:34  Barracks  
  44  4:36  Medivac  
  46  4:41  Supply Depot  
  46  4:48  Orbital Command, Marine  
  47  4:58  SCV  
  48  5:00  Siege Tank  
  48  5:06  Medivac  
  53  5:20  SCV  
  54  5:30  Barracks  
  54  5:31  Barracks Tech Lab  
  54  5:32  SCV  
  54  5:33  Barracks  
  55  5:39  Starport Reactor  
  55  5:42  Marine x2  
  55  5:44  SCV  
  58  5:56  SCV  
  59  5:58  Refinery  
  59  6:03  Refinery  
  59  6:06  Marauder  
  59  6:08  SCV, Stimpack  
  62  6:18  Barracks Reactor  
  62  6:20  SCV  
  62  6:22  Barracks Reactor  
  62  6:23  Barracks  
  62  6:25  Supply Depot  
  63  6:27  Marauder, Medivac x2  
  69  6:33  SCV  
  70  6:43  Siege Tank  
  70  6:46  Marine x2  
  75  6:48  Marine  
  75  6:53  Supply Depot  
  76  7:00  SCV x2  
  78  7:02  Medivac  
  78  7:04  Marine x2  
  78  7:06  Marine  
  83  7:12  SCV  
  83  7:13  SCV  
  85  7:19  Medivac  
  87  7:26  Siege Tank  
  78  9:12  Barracks x2  
  78  9:16  Barracks  
Tags
 
Add a new tag
Caveats
  • Supply blocks, unpowered buildings, or Contaminate may cause inaccurate times.
  • Supply counts are checked every 10 seconds.